 Dungeon Crawl Stone Soup version 0.26.1-11-gd32895ea62 (webtiles) character file.

Game seed: 16533037527901879591

207 KamiKatze the Conjurer (level 5, -1/38 HPs)
             Began as a Draconian Conjurer on June 2, 2021.
             Killed from afar by an orc wizard (9 damage)
             ... with a puff of flame
             ... on level 3 of the Dungeon.
             The game lasted 00:11:38 (2014 turns).

KamiKatze the Conjurer (Draconian Conjurer)         Turns: 2014, Time: 00:11:40

Health: -1/38      AC:  6    Str: 10    XL:     5   Next: 54%
Magic:  2/10       EV: 12    Int: 19    God:
Gold:   189        SH:  0    Dex:  9    Spells: 4/11 levels left

rFire    . . .     SeeInvis .   a - +1 dagger (drain)
rCold    . . .     Faith    .   (no shield)
rNeg     . . .     Spirit   .   (armour unavailable)
rPois    .         Reflect  .   (helmet restricted)
rElec    .         Harm     .   (no cloak)
rCorr    .         Rampage  .   g - +0 pair of gloves
Will     .....                  (no boots)
Stlth    ++........             (no amulet)
HPRegen  0.12/turn              (no ring)
MPRegen  0.12/turn              (no ring)

@: no status effects
A: unfitting armour, cold-blooded, AC +5
a: no special abilities


You were on level 3 of the Dungeon.
You visited 1 branch of the dungeon, and saw 3 of its levels.

You collected 189 gold pieces.

Inventory:

Hand Weapons
 a - a +1 dagger of draining (weapon)
 o - a +1 flail of venom
Missiles
 d - 19 poisoned darts
 f - 81 stones
Armour
 g - a +0 pair of gloves (worn)
Jewellery
 p - an uncursed ring of ice
Wands
 m - a wand of flame (25)
Scrolls
 c - 2 scrolls of noise {unknown}
 e - 2 scrolls of random uselessness {unknown}
 h - 2 scrolls of identify {unknown}
 j - a scroll of remove curse {unknown}
 l - 2 scrolls of amnesia {unknown}
 n - 2 scrolls of teleportation {unknown}
Potions
 b - 3 potions of curing {unknown}
 i - 2 potions of flight {unknown}
 k - 3 potions of haste {unknown}


   Skills:
 - Level 2.0 Dodging
 - Level 2.0 Stealth
 * Level 3.6 Spellcasting
 * Level 5.3 Conjurations
 * Level 1.7 Hexes


You had 4 spell levels left.
You knew the following spells:

 Your Spells              Type           Power        Failure   Level
a - Magic Dart            Conj           92%          1%          1
b - Searing Ray           Conj           46%          2%          2
c - Fulminant Prism       Conj/Hex       8%           32%         4

Your spell library contained the following spells:

 Spells                   Type           Power        Failure   Level
 Dazzling Flash           Conj/Hex       32%          10%         3
 Iskenderun's Mystic Bla  Conj/Tloc      13%          43%         4


Dungeon Overview and Level Annotations

Branches:
Dungeon (3/15)

Altars:
Nemelex Xobeh
Sif Muna

Annotations:
D:3 exclusion: door


Innate Abilities, Weirdness & Mutations

Your plain brown scales are hard. (AC +5)
You cannot fit into any form of body armour.
You are cold-blooded and may be slowed by cold attacks.


Message History

The orc priest hits you but does no damage.
The orc closely misses you.
You barely miss the orc priest.
The orc priest is severely wounded.
The orc priest calls down the wrath of Beogh upon you.
You barely resist.
The orc wizard mumbles some strange words.
The orc wizard seems to speed up.
The leopard gecko misses you.
You hit the orc priest but do no damage.
The orc priest is severely wounded.
The orc priest barely misses you. The leopard gecko closely misses you.
The orc wizard closely misses you. The orc hits you with a +0 whip.
* * * LOW HITPOINT WARNING * * *
You hit the orc priest but do no damage.
You drain the orc priest.
The orc priest is almost dead.
The leopard gecko closely misses you.
The orc wizard points at you and mumbles some strange words.
The puff of flame hits you!
You die...

............# .#
.#..........# #.#
............# #.# .
............####.###. ..
...........).)..........
.............###.###....
###........#............
#...............l..#
##..........#†..@o..#
##..........#...ooo.#
##..........####........
.#............######)...
.##<..........# ...
................ ..
.###..........## .
..............#
###############


You could see an orc priest (drained), an orc wizard (fast), 2 orcs and a
leopard gecko.

Vanquished Creatures
  An orc priest (D:3)
  Jessica (D:3)
  Terence (D:3)
  Robin (D:2)
  3 adders
  2 oozes (D:2)
  A worm (D:2)
  A dart slug (D:1)
  2 orcs (D:3)
  2 ball pythons
  6 giant cockroaches
  13 goblins
  10 hobgoblins
  4 jackals (D:2)
  5 kobolds
  A quokka (D:2)
  11 bats
  3 frilled lizards
  3 rats
71 creatures vanquished.

Notes
Turn   | Place    | Note
-------+----------+-------------------------------------------
     0 | D:1      | KamiKatze the Draconian Conjurer began the quest for the
                  | Orb.
     0 | D:1      | Reached XP level 1. HP: 14/14 MP: 3/3
    96 | D:1      | Reached XP level 2. HP: 20/20 MP: 5/5
   114 | D:1      | Learned a level 2 spell: Searing Ray
   632 | D:1      | Reached XP level 3. HP: 26/26 MP: 6/6
   767 | D:2      | Found a sparkling altar of Nemelex Xobeh.
   922 | D:2      | Reached XP level 4. HP: 28/33 MP: 8/8
   927 | D:2      | Learned a level 4 spell: Fulminant Prism
  1266 | D:3      | Noticed Terence
  1373 | D:3      | Noticed Jessica
  1387 | D:3      | Noticed Robin
  1508 | D:2      | Killed Robin
  1509 | D:2      | Reached skill level 5 in Conjurations
  1509 | D:2      | Reached skill level 1 in Hexes
  1567 | D:3      | Killed Jessica
  1568 | D:3      | Reached XP level 5. HP: 38/38 MP: 4/10
  1651 | D:3      | Killed Terence
  1805 | D:3      | Found a shimmering blue altar of Sif Muna.
  2014 | D:3      | Killed from afar by an orc wizard

Illustrated notes

Levels and vault maps discovered:
D:1:      dpeg_arrival_arbitrary_b, layout_basic, minmay_split_cup_large
D:2:      layout_rooms, lemuel_round_altar
D:3:      layout_rooms, led_sif_book, old_standard_altar, uniq_jessica,
          uniq_robin, uniq_terence

Skill      XL: |  1  2  3  4 |
---------------+-------------+-----
Stealth        | 2 |  2.0
Dodging        | 2 |  2.0
Spellcasting   | 3 |  3.6
Conjurations   | 5 |  5.3
Hexes          | 1 |  1.7

Action                   |  1- 3 |  4- 6 || total
-------------------------+-------+-------++-------
Melee: Dagger            |    98 |    29 ||   127
       Unarmed           |     5 |       ||     5
       Tailslap          |     5 |       ||     5
 Cast: Magic Dart        |    31 |    22 ||    53
       Searing Ray       |     1 |    12 ||    13
 Stab: Sleeping          |     2 |       ||     2
Armor: Skin              |    32 |    11 ||    43
Dodge: Dodged            |    74 |    22 ||    96
